AoeStats
← hoangtan922

Arena

506148014Analyzed
3v3 RM · 21d ago on Sep 12, 2026· 47m 35s· 6 players
Game mode
Random Map
Map size
Normal (6 player)
Population
200
Speed
Normal
Resources
Standard
Victory
Conquest
Starting age
Dark Age
Ending age
Imperial Age
RankedLock teamsTeams togetherTeam positionsShared explorationLock speedFull tech treeHidden civsTurbo modeCheats
Victory
Defeat
🇨🇭 Ethiopians · Switzerland
1081
+16
🇦🇿 Hindustanis · Azerbaijan
1066
+16
🇬🇧 Slavs · United Kingdom
1056
+17
🇻🇳 Goths · Vietnam
1153
-20
🇨🇴 Huns · Colombia
1043
-15
🇦🇷 Koreans · Argentina
1014
-14
FreakinAndry
11:28 Feudal Age
12:33 Double-Bit Axe
15:25 Castle Age
16:07 Horse Collar
16:39 Bow Saw
19:45 Heavy Plow
21:29 Gold Mining
22:55 Town Watch
22:57 Loom
23:49 Wheelbarrow
27:37 Hand Cart
28:01 Ballistics
27:49 Town Patrol
31:46 Imperial Age
33:27 Chemistry
32:33 Siege Engineers
33:43 Gold Shaft Mining
33:03 Stone Mining
32:45 Heavy Scorpion
39:54 Torsion Engines
AgEnT10101
0:28 Loom
10:43 Feudal Age
18:17 Castle Age
16:08 Double-Bit Axe
16:24 Horse Collar
17:11 Stone Mining
17:52 Scale Mail Armor
17:49 Gold Mining
20:44 Wheelbarrow
21:57 Bow Saw
24:21 Hand Cart
26:10 Man-at-Arms
26:51 Squires
27:12 Chain Mail Armor
27:07 Forging
28:09 Gold Shaft Mining
28:00 Heavy Plow
27:31 Long Swordsman
31:00 Iron Casting
35:57 Imperial Age
36:04 Two-Handed Swordsman
36:47 Druzhina
37:08 Conscription
37:22 Plate Mail Armor
37:52 Blast Furnace
36:23 Capped Ram
37:21 Siege Ram
38:26 Champion
41:49 Pikeman
44:38 Halberdier
I have Gun
10:43 Feudal Age
14:50 Castle Age
12:42 Horse Collar
13:22 Double-Bit Axe
16:10 Bow Saw
16:03 Heavy Plow
18:44 Wheelbarrow
22:01 Gold Mining
25:25 Scale Barding Armor
25:30 Forging
25:35 Loom
28:21 Imperial Age
26:07 Hand Cart
28:32 Imperial Age
27:19 Chain Barding Armor
27:34 Iron Casting
27:02 Husbandry
27:56 Bloodlines
29:15 Hand Cart
30:59 Plate Barding Armor
31:24 Blast Furnace
30:33 Heavy Camel Rider
32:28 Blast Furnace
31:20 Fletching
32:22 Gold Shaft Mining
31:37 Stone Mining
33:19 Conscription
33:02 Grand Trunk Road
33:20 Caravan
34:46 Chemistry
33:58 Fortified Wall
33:24 Imperial Camel Rider
34:08 Padded Archer Armor
38:05 Stone Shaft Mining
38:33 Two-Man Saw
37:44 Bodkin Arrow
41:28 Bracer
sebastian susa
10:24 Feudal Age
12:00 Horse Collar
18:02 Castle Age
16:44 Double-Bit Axe
17:11 Stone Mining
17:41 Gold Mining
19:12 Wheelbarrow
18:22 Town Watch
21:31 Heavy Plow
21:43 Bow Saw
21:59 Fletching
23:40 Gold Shaft Mining
24:38 Hand Cart
28:46 Imperial Age
30:55 Conscription
30:42 Town Patrol
31:46 Marauders
33:03 Two-Man Saw
32:10 Husbandry
32:21 Bloodlines
33:31 Elite Tarkan
34:33 Scale Barding Armor
36:48 Cavalier
38:47 Paladin
41:49 Chain Barding Armor
41:06 Pikeman
45:18 Plate Barding Armor
phuochoang1510
1:29 Loom
11:36 Feudal Age
16:07 Castle Age
14:10 Double-Bit Axe
15:05 Horse Collar
15:21 Stone Mining
15:54 Gold Mining
17:13 Bow Saw
19:15 Heavy Plow
23:16 Town Watch
24:33 Scale Mail Armor
26:20 Forging
27:02 Chain Mail Armor
28:08 Wheelbarrow
29:27 Iron Casting
29:51 Hand Cart
32:45 Imperial Age
30:50 Fletching
31:00 Padded Archer Armor
31:53 Town Patrol
31:50 Bodkin Arrow
32:01 Town Patrol
32:31 Anarchy
32:54 Leather Archer Armor
32:42 Elite Skirmisher
34:36 Chemistry
33:58 Conscription
34:17 Bracer
35:07 Ring Archer Armor
35:58 Blast Furnace
35:01 Squires
34:23 Pikeman
36:49 Elite Huskarl
38:23 Perfusion
38:55 Scale Barding Armor
40:26 Halberdier
40:44 Capped Ram
44:56 Onager
47:35 Scale Barding Armor
hoangtan922
11:30 Feudal Age
16:55 Castle Age
15:17 Horse Collar
16:49 Double-Bit Axe
17:12 Gold Mining
20:11 Arson
21:24 Bow Saw
24:21 Squires
24:25 Scale Mail Armor
24:30 Heavy Plow
24:49 Town Watch
25:40 Wheelbarrow
24:50 Loom
27:39 Chain Mail Armor
27:37 Forging
35:33 Imperial Age
34:04 Stone Mining
35:26 Iron Casting
35:26 Ballistics
34:58 Fletching
35:04 Fletching
35:40 Heavy Rocket Cart
40:30 Chemistry
41:54 Arrowslits
Connection lost

Rejoining the realm…

Still unreachable

The connection could not be restored.

Session expired

The server has moved on; the page needs a fresh start.